 Dungeon Crawl Stone Soup version 0.17-a0-777-g32247ce (webtiles) character file.

6318 Ilma the Martial Artist (level 10, -5/53 HPs)
             Began as a Vine Stalker Monk on Apr 25, 2015.
             Was a High Priest of Makhleb.
             Killed from afar by a gargoyle (14 damage)
             ... with a stone arrow
             ... in a labyrinth.
             The game lasted 00:23:17 (9193 turns).

Ilma the Martial Artist (Vine Stalker Monk)         Turns: 9193, Time: 00:23:17

Health: -5/53      AC: 11    Str: 15    XL:     10   Next: 95%
Magic:  0/11       EV: 16    Int: 10    God:    Makhleb [*****.]
Gold:   482        SH:  0    Dex: 19    Spells: 2 memorised, 2 levels left

rFire  . . .     SeeInvis .       - Unarmed
rCold  . . .     Clarity  .     o - +3 leather armour
rNeg   + . .     SustAb   .     (no shield)
rPois  .         Gourm    .     n - +0 helmet
rElec  .         Spirit   +     I - +0 cloak
rCorr  .         Warding  .     l - +0 pair of gloves
rMut   .         Stasis   .     y - +0 pair of boots
MR     +....                    (no amulet)
Stlth  ++........               (no ring)
                                h - ring of positive energy

@: somewhat resistant to hostile enchantments, unstealthy
A: fangs 3, regeneration 2, shaggy fur 1, magic shield, antimagic bite, no
device heal 3, rot immunity
a: Minor Destruction, Lesser Servant of Makhleb, Major Destruction, Greater
Servant of Makhleb, Renounce Religion


You were in a labyrinth.
You worshipped Makhleb.
Makhleb was extremely pleased with you.
You were hungry.

You visited 2 branches of the dungeon, and saw 11 of its levels.
You also visited: Labyrinth.

You collected 482 gold pieces.


Innate Abilities, Weirdness & Mutations

You have razor-sharp teeth.
You heal very quickly.
You are covered in fur (AC +1).
When hurt, damage is shared between your health and your magic reserves.
Your bite disrupts and absorbs the magic of your enemies.
Potions and wands cannot restore your health.
You are immune to rotting.


   Skills:
 + Level 6.9 Fighting
 + Level 6.5 Dodging
 - Level 2.4 Stealth
 * Level 13.0 Unarmed Combat


You had 2 spell levels left.
You knew the following spells:

 Your Spells              Type           Power        Failure   Level  Hunger
C - Control Teleport      Chrm/Tloc      #.........   100%        4    #####..
F - Flight                Chrm/Air       #.........   96%         3    ####...

Inventory:

Hand weapons
 H - a +0 blowgun
Missiles
 a - 4 javelins (quivered)
 C - 45 poisoned needles
 D - a throwing net
Armour
 k - a +1 leather armour of cold resistance
 l - a +0 pair of gloves (worn)
 n - a +0 helmet (worn)
 o - a +3 leather armour (worn)
 y - a +0 pair of boots (worn)
 I - a +0 cloak (worn)
Jewellery
 h - a ring of positive energy (left hand)
Magical devices
 p - a wand of hasting (6)
Scrolls
 d - 3 scrolls of teleportation
 e - a scroll of fog
 j - 6 scrolls of remove curse
 r - 2 scrolls of random uselessness {unknown}
 s - a scroll of immolation
 t - 3 scrolls of recharging
 w - a scroll of fear {unknown}
 z - a scroll of enchant armour {unknown}
 A - a scroll of noise {unknown}
 B - a scroll of identify
 E - a scroll of amnesia {unknown}
 F - a scroll of enchant weapon {unknown}
Potions
 g - 3 potions of invisibility
 i - 2 potions of restore abilities {unknown}
 m - 2 potions of ambrosia {unknown}
 q - a potion of might {unknown}
 u - 2 potions of agility {unknown}
 v - a potion of curing {unknown}
 x - 2 potions of cure mutation
 G - a potion of haste {unknown}
 J - a potion of beneficial mutation {unknown}
Comestibles
 b - 10 bread rations
 f - 5 meat rations

Dungeon Overview and Level Annotations

Branches:
Dungeon (9/15)             Temple (0/1) D:6            Lair (2/8) D:8
    Orc: D:9-12

Altars:
Elyvilon
Fedhas
Gozag
Makhleb
Nemelex Xobeh
Qazlal
Vehumet
Xom
Yredelemnul
Zin

Annotations:
D:9 Prince Ribbit


Message History

You closely miss the gargoyle. You bite the gargoyle. You drain its power.
You feel invigorated.
The gargoyle is severely damaged.
The gargoyle hits you with a morningstar!!
You punch the gargoyle!
You destroy the gargoyle!
Your Unarmed Combat skill increases to level 13!
The gargoyle hurls a stone arrow at you.
The stone arrow misses you. The gargoyle hits you with a mace!
You see here a morningstar.
You hit the gargoyle.
You bite the gargoyle, but do no damage.
The gargoyle is lightly damaged.
The gargoyle hurls a stone arrow at you.
The stone arrow misses you.
You hit the gargoyle but do no damage. You bite the gargoyle.
You drain its power.
You feel invigorated.
The gargoyle is lightly damaged.
You closely miss the gargoyle.
The gargoyle is lightly damaged.
The gargoyle hurls a stone arrow at you.
The stone arrow misses you.
You hit the gargoyle.
You bite the gargoyle, but do no damage.
The gargoyle is lightly damaged.
The gargoyle hits you with a mace!
You hit the gargoyle but do no damage. Your bite misses the gargoyle.
The gargoyle is lightly damaged.
The gargoyle barely misses you. The gargoyle hits you with a mace.
You hit the gargoyle.
The gargoyle is moderately damaged.
You hit the gargoyle but do no damage.
You bite the gargoyle, but do no damage.
The gargoyle is moderately damaged.
The gargoyle hurls a stone arrow at you.
The stone arrow hits you!
The gargoyle hurls a stone arrow at you.
The stone arrow hits you!
You die...

▓▓▓▓ ....
#.P P #### #
.. ≈ P...#
.. #
9♣≈..#.###.#
. ≈≈≈P #. .
.# .P


$PP #9###.### .#.#.#9@.....# # .▓ ▓####.### . ...# ###.# .# .# #.# # #. You
could see 2 gargoyles.

Action                   |  1- 3 |  4- 6 |  7- 9 | 10-12 || total
-------------------------+-------+-------+-------+-------++-------
Melee: Unarmed           |    79 |   216 |   404 |   213 ||   912
 Fire: Blowgun           |       |       |       |    24 ||    24
  Use: Scroll            |       |       |     7 |     3 ||    10
 Stab: Sleeping          |     4 |     7 |     6 |     3 ||    20
       Distracted        |       |       |       |     1 ||     1
  Eat: Chunk             |       |     6 |    12 |     6 ||    24
       Bread ration      |       |     1 |       |       ||     1

Notes
Turn   | Place    | Note
--------------------------------------------------------------
     0 | D:1      | Ilma, the Vine Stalker Monk, began the quest for the Orb.
     0 | D:1      | Reached XP level 1. HP: 11/11 MP: 2/2
   222 | D:1      | Reached XP level 2. HP: 14/16 MP: 3/3
   681 | D:2      | Found a shimmering altar of Xom.
   811 | D:2      | Reached XP level 3. HP: 19/19 MP: 4/4
   825 | D:2      | Reached skill level 5 in Unarmed Combat
   851 | D:2      | Noticed Robin
   884 | D:1      | Killed Robin
   986 | D:2      | Reached XP level 4. HP: 20/23 MP: 5/5
  1871 | D:3      | Reached skill level 6 in Unarmed Combat
  1871 | D:3      | Reached XP level 5. HP: 17/27 MP: 4/6
  2023 | D:3      | Noticed Radiman's ghost (average HOBe)
  2222 | D:3      | Noticed Ijyb
  2261 | D:2      | Killed Ijyb
  2803 | D:3      | Found a blossoming altar of Fedhas.
  2812 | D:3      | Learned a level 4 spell: Control Teleport
  2922 | D:4      | Noticed a hungry ghost
  2960 | D:4      | Killed a hungry ghost
  2960 | D:4      | Reached skill level 7 in Unarmed Combat
  2960 | D:4      | Gained mutation: You heal very quickly. [Vine Stalker growth]
  2960 | D:4      | Reached XP level 6. HP: 27/32 MP: 5/7
  3195 | D:4      | Reached skill level 8 in Unarmed Combat
  3338 | D:4      | Found a radiant altar of Vehumet.
  3388 | D:5      | Entered Level 5 of the Dungeon
  3459 | D:5      | Reached XP level 7. HP: 35/35 MP: 8/8
  3467 | D:5      | Found a basalt altar of Yredelemnul.
  3656 | D:5      | Found a staircase to the Ecumenical Temple.
  3675 | D:5      | Reached skill level 9 in Unarmed Combat
  4120 | D:6      | Found a burning altar of Makhleb.
  4145 | D:6      | Gained mutation: You have razor-sharp teeth. [Vine Stalker growth]
  4145 | D:6      | Reached XP level 8. HP: 14/40 MP: 9/9
  4213 | D:6      | Found a stormy altar of Qazlal.
  4213 | D:6      | Noticed a fire elemental
  4604 | D:6      | Killed a fire elemental
  4608 | D:6      | Became a worshipper of Makhleb the Destroyer
  4608 | D:6      | Acquired Makhleb's first power
  4608 | D:6      | Acquired Makhleb's second power
  5047 | D:6      | Reached skill level 10 in Unarmed Combat
  5080 | D:6      | Reached skill level 4 in Fighting
  5093 | D:6      | Found a staircase to the Ecumenical Temple.
  5313 | D:6      | Found a shimmering altar of Xom.
  5321 | D:6      | Found a glowing silver altar of Zin.
  5729 | D:3      | Killed Radiman's ghost
  5729 | D:3      | Reached skill level 4 in Dodging
  5729 | D:3      | Reached XP level 9. HP: 26/46 MP: 3/10
  5799 | D:3      | Acquired Makhleb's third power
  6271 | D:7      | Found an opulent altar of Gozag.
  6271 | D:7      | Found a sparkling altar of Nemelex Xobeh.
  6421 | D:7      | Reached skill level 11 in Unarmed Combat
  6491 | D:7      | Acquired Makhleb's fourth power
  7223 | D:8      | Found a blossoming altar of Fedhas.
  7280 | D:8      | Reached XP level 10. HP: 35/53 MP: 7/11
  7428 | D:8      | Reached skill level 12 in Unarmed Combat
  7817 | D:8      | Found a staircase to the Lair.
  7925 | D:8      | Reached skill level 6 in Fighting
  8078 | D:8      | Acquired Makhleb's fifth power
  8139 | D:8      | Found a white marble altar of Elyvilon.
  8187 | D:8      | Reached skill level 6 in Dodging
  8474 | D:9      | Noticed Prince Ribbit
  8496 | Lair:1   | Entered Level 1 of the Lair of Beasts
  8832 | Lair:1   | Learned a level 3 spell: Flight
  9039 | Lair:2   | Found a labyrinth entrance.
  9053 | Lab      | Entered a labyrinth
  9137 | Lab      | Found an exit through the horrors of the Abyss.
  9185 | Lab      | Reached skill level 13 in Unarmed Combat
  9193 | Lab      | Killed from afar by a gargoyle

Vault maps used:
D:1:      dpeg_arrival_boxorama, roderic_cross_of_infinity
D:2:      wad_woods_pond, lemuel_crystal_altar, uniq_robin
D:3:      nicolae_overflow_hidden_temple, uniq_iyjb
D:4:      old_standard_altar
D:5:      kennysheep_mini_moat, minmay_temple_entry_junction2, first_bread,
          minmay_misc_feat_rows
D:6:      pf_overflow_fires_of_destruction, overflow_temple_1_default,
          minmay_temple_entry_butterflies, basic_altar
D:7:      grunt_temple_overflow_opulence
D:8:      elyvilon_altar_4, erik_lair_island, fedhas_altar_3
D:9:      grunt_temple_overflow_open, uniq_prince_ribbit1
Lair:2:   lab_entry_generic, infiniplex_staircase_pool, uniq_gastronok
Lab:      labyrinth_fake_exit, nicolae_lab_lava, nicolae_lab_swirl,
          nicolae_lab_do_over, lab_hedge, nicolae_lab_diamond,
          nicolae_lab_flowing_pool, nicolae_lab_statue, nicolae_lab_garden,
          nicolae_lab_plus, nicolae_lab_grate_2, nicolae_lab_t_cross,
          nicolae_lab_checkerboard

Vanquished Creatures
  A spiny frog
  A gargoyle
  A komodo dragon
  A troll
  The ghost of Radiman the Cleaver, an average HOBe of Trog
  A wyvern
  A hungry ghost
  A fire elemental
  A water moccasin
  A hippogriff
  3 wolves
  2 sky beasts
  2 porcupines
  4 centaurs
  2 phantoms
  2 ogres
  A necrophage
  2 crocodiles
  2 big kobolds
  8 giant frogs
  7 jellies
  3 scorpions
  3 wights
  4 electric eels
  A killer bee
  8 hounds
  3 crimson imps
  3 orc priests Ijyb
  8 orc wizards
  A giant frog skeleton
  An iguana
  6 worker ants
  A hound skeleton Robin
  13 adders
  5 gnolls
  6 river rats
  A shadow imp
  3 oozes
  4 adder skeletons
  2 worms
  4 giant geckos
  28 orcs
  10 bats
  3 bat skeletons
  4 giant cockroaches
  12 hobgoblins
  7 jackals
  23 kobolds
  4 giant newts
  2 giant spores
  22 goblins
  A jackal skeleton
  6 quokkas
  A quokka zombie
  8 rats
  4 ballistomycetes
  A butterfly
263 creatures vanquished.
